 Dungeon Crawl Stone Soup version 0.27-a0-1188-g73eefd5def (webtiles) character file.

Game seed: 1122281582915885082

256 Froggeryz the Chopper (level 5, -3/41 HPs)
             Began as a Draconian Gladiator on May 21, 2021.
             Succumbed to Ijyb's poison
             ... on level 3 of the Dungeon.
             The game lasted 00:03:43 (4998 turns).

Froggeryz the Chopper (Draconian Gladiator)         Turns: 4998, Time: 00:03:44

Health: -3/41      AC:  5    Str: 15 (17) XL:     5   Next: 92%
Magic:  5/5        EV: 12    Int:  6 (8)  God:
Gold:   93         SH:  0    Dex: 12 (13) Spells: 4/4 levels left

rFire    . . .     SeeInvis .   a - +0 war axe
rCold    . . .     Faith    .   (no shield)
rNeg     . . .     Spirit   .   (armour unavailable)
rPois    .         Reflect  .   b - +0 hat
rElec    .         Harm     .   (no cloak)
rCorr    .         Rampage  .   (no gloves)
Will     .....                  (no boots)
Stlth    +.........             (no amulet)
HPRegen  0.13/turn              (no ring)
MPRegen  0.09/turn              (no ring)

@: lethally poisoned (-3 -> -27)
A: AC +5, unfitting armour, cold-blooded
a: no special abilities


You were on level 3 of the Dungeon.
You visited 1 branch of the dungeon, and saw 4 of its levels.

You collected 93 gold pieces.

Inventory:

Hand Weapons
 a - a +0 war axe (weapon)
Missiles
 c - 3 throwing nets (quivered)
 h - 3 atropa-tipped darts
Armour
 b - a +0 hat (worn)
Scrolls
 f - a scroll of noise
 j - a scroll of enchant armour
 n - a scroll of fog {unknown}
Potions
 k - a potion of flight


   Skills:
 - Level 2.1 Fighting
 * Level 5.7 Axes
 + Level 3.5 Throwing
 - Level 2.6 Dodging


You had 4 spell levels left.
You didn't know any spells.
Your spell library contained the following spells:

 Spells                   Type           Power      Damage    Failure   Level
 Animate Skeleton         Necr           0%         N/A       45%         1
 Apportation              Tloc           0%         N/A       45%         1
 Corona                   Hex            0%         N/A       45%         1
 Pain                     Necr           0%         1d4       45%         1
 Summon Small Mammal      Summ           0%         N/A       45%         1
 Vampiric Draining        Necr           0%         2d6       83%         3
 Animate Dead             Necr           0%         N/A       99%         4
 Agony                    Necr           0%         N/A       100%        5


Dungeon Overview and Level Annotations

Branches:
Dungeon (4/15)
 Temple: D:4-7

Altars:

Annotations:
D:3 Ijyb


Innate Abilities, Weirdness & Mutations

Your plain brown scales are hard. (AC +5)
You cannot fit into any form of body armour.
You are cold-blooded and may be slowed by cold attacks.


Message History

Ijyb the Twisted Goblin comes into view.
She is wielding a +1 dagger of venom and carrying a wand of flame (9).
Ijyb shouts!
No reachable target in view!
Ijyb zaps a wand.
The puff of flame hits you.
Ijyb zaps a wand.
The puff of flame hits you.
You see here a +0 hunting sling.
You start resting.
Ijyb is nearby!
Ijyb zaps a wand.
The puff of flame hits you.
You closely miss Ijyb.
Ijyb zaps a wand.
The puff of flame hits you but does no damage.
Ijyb zaps a wand.
The puff of flame hits you.
You hit Ijyb but do no damage.
Ijyb zaps a wand.
The puff of flame hits you.
You barely miss Ijyb. Ijyb barely misses you.
You closely miss Ijyb. Ijyb misses you.
You hit Ijyb but do no damage. Ijyb barely misses you.
You hit Ijyb.
Ijyb is lightly wounded.
Ijyb hits you with a +1 dagger of venom.
You are poisoned.
Ijyb hits you with a +1 dagger of venom.
You barely miss Ijyb.
Ijyb is lightly wounded.
You feel very sick. Ijyb misses you.
You slash Ijyb!
Your tail-slap misses Ijyb.
Ijyb is moderately wounded.
You feel sick.
Ijyb hits you with a +1 dagger of venom.
You are lethally poisoned!
You hit Ijyb.
Ijyb is heavily wounded.
* * * LOW HITPOINT WARNING * * *
You feel very sick.
Ijyb hits you with a +1 dagger of venom.
* * * LOW HITPOINT WARNING * * *
You are more poisoned.
You closely miss Ijyb.
Ijyb is heavily wounded.
You die...

####.#### #.##### #
#.# #.##### #.#
#...... #.# #######
#.# ### #.# ##.## #.#
##...##### ####.#
###########
##.........
.....####.......@.#
#.........#
..........#######g#
##.....##.#
.##...##### #.#
##....##.# .......#
#.# #####.#.##..
###...## #.#
#........... ##.##
########.##
#.###.##.### #.#
#......#..###.#......#
#.#
#.####.#...##.#.###..#
##'##


#.##...PPP.PPPPPPPPP.# You could see Ijyb.

Vanquished Creatures
  An orc priest (D:3)
  Natasha (twice) (D:3)
  6 adders
  4 gnolls
  3 worms
  2 dart slugs (D:1)
  4 orcs
  6 endoplasms
  2 goblins
  5 hobgoblins
  7 jackals (D:1)
  A quokka (D:3)
  10 ball pythons
  8 bats
  3 frilled lizards
  7 kobolds
  2 rats
73 creatures vanquished.

Vanquished Creatures (others)
  A fungus (D:2)
  3 plants (D:2)
4 creatures vanquished.

Grand Total: 77 creatures vanquished

Notes
Turn   | Place    | Note
-------+----------+-------------------------------------------
     0 | D:1      | Froggeryz the Draconian Gladiator began the quest for the
                  | Orb.
     0 | D:1      | Reached XP level 1. HP: 17/17 MP: 1/1
   213 | D:1      | Reached XP level 2. HP: 24/24 MP: 2/2
   820 | D:1      | Reached XP level 3. HP: 29/29 MP: 3/3
  1029 | D:1      | Reached skill level 4 in Axes
  1819 | D:2      | Found a faded altar of an unknown god.
  1974 | D:2      | Reached XP level 4. HP: 36/36 MP: 4/4
  2548 | D:3      | Noticed Natasha
  2552 | D:3      | Killed Natasha
  3056 | D:3      | Reached skill level 5 in Axes
  3056 | D:3      | Reached XP level 5. HP: 41/41 MP: 5/5
  3301 | D:3      | Noticed Natasha
  3321 | D:3      | Killed Natasha
  3771 | D:3      | HP: 2/41 [poisoned by an adder]
  4962 | D:3      | Noticed Ijyb
  4998 | D:3      | Succumbed to Ijyb's poison

Illustrated notes

Levels and vault maps discovered:
D:1:      ebering_hopf_link, layout_loops_ring
D:2:      layout_loops_cross, shapermc_ecumenical_altar_mp_urbaneastern
D:3:      layout_loops_corners, minmay_hedge_maze, minmay_misc_feat_square,
          minmay_shallow_snake_nest, uniq_natasha, uniq_ijyb
D:4:      layout_basic, uniq_robin

Skill      XL: |  1  2  3  4 |
---------------+-------------+-----
Throwing       | 2 3 |  3.5
Axes           | 4 5 |  5.7
Fighting       | |  2.1
Dodging        | |  2.6

Action                   |  1- 3 |  4- 6 || total
-------------------------+-------+-------++-------
Melee: War axe           |   102 |   169 ||   271
       Tailslap          |    12 |    19 ||    31
  Use: Scroll            |       |     4 ||     4
       Potion            |       |     4 ||     4
 Stab: Sleeping          |     1 |     1 ||     2
Armor: Skin              |    57 |    56 ||   113
Dodge: Dodged            |    97 |   133 ||   230

Table legend: (Time is in decaauts)
 A = Elapsed time spent in this place.
 B = Non-inter-level travel time spent in this place.
 C = Inter-level travel time spent in this place.
 D = Time resting spent in this place.
 E = Time spent auto-exploring this place.
 F = Levels seen in this place.
 G = Mean time per level.
                   A        B        C        D        E       F      G
               +--------+--------+--------+--------+--------+-----+--------+
         Total |   5083 |   5004 |     79 |   1823 |   2495 |   4 | 1270.8 |
       Dungeon |   5083 |   5004 |     79 |   1823 |   2495 |   4 | 1270.8 |
               +--------+--------+--------+--------+--------+-----+--------+

Top non-repeatable levels by time:
     D:3: 2244 daAuts
     D:1: 1225 daAuts
     D:2: 955 daAuts
     D:4: 657 daAuts
